Map: Prion Terraces

Players

Miszu - Winner!

  • Race: Terran Terran
  • League: Master

Medoed

  • Race: Zerg Zerg
  • League: Master

VOD

Have the link to the VOD?

Description

Time

  • Played on: April 5, 2016, 2:02 p.m.
  • Length: 13:07
Show
View Real Time Build Order
Export as new Build Order

Miszu Terran - Winner!

Build Orders: Reaper Expand, Banshee Rush 

Get SALT Encoding   

  12  0:00  SCV  
  13  0:12  SCV  
  14  0:18  Supply Depot  
  14  0:24  SCV  
  15  0:39  SCV  
  15  0:41  Barracks  
  16  0:44  Refinery  
  16  0:51  SCV  
  17  1:03  SCV  
  19  1:18  SCV  
  19  1:30  Barracks Reactor  
  19  1:32  Reaper  
  21  1:34  Orbital Command  
  20  1:41  Command Center  
  20  1:46  Refinery  
  20  2:00  SCV  
  21  2:05  Barracks Reactor  
  21  2:08  Supply Depot, Marine  
  21  2:12  SCV  
  23  2:15  Factory  
  24  2:30  SCV  
  24  2:41  Barracks Reactor  
  24  2:42  SCV  
  25  2:54  SCV  
  25  2:55  Orbital Command  
  26  3:06  SCV  
  26  3:09  Starport  
  27  3:18  SCV  
  28  3:20  SCV  
  28  3:25  Bunker  
  28  3:26  Factory Tech Lab  
  29  3:30  SCV  
  29  3:32  SCV  
  29  3:33  Marine x2  
  33  3:42  Supply Depot, SCV  
  33  3:44  SCV  
  33  3:47  Supply Depot  
  35  3:54  SCV  
  36  3:57  Cloaking Field, SCV, Banshee  
  40  4:06  Refinery x2, SCV  
  40  4:09  SCV  
  42  4:10  Marine, Factory Tech Lab  
  42  4:11  Marine  
  44  4:18  SCV  
  44  4:21  SCV  
  45  4:31  SCV  
  46  4:33  SCV  
  46  4:35  Command Center  
  47  4:39  Starport  
  47  4:40  Starport, Banshee  
  47  4:43  SCV  
  47  4:45  SCV  
  52  4:52  Supply Depot  
  52  4:53  Supply Depot  
  52  4:55  SCV  
  52  4:57  SCV  
  52  4:59  Fusion Core  
  54  5:00  Siege Tank  
  57  5:07  SCV  
  57  5:09  SCV  
  59  5:19  SCV  
  64  5:21  SCV  
  64  5:24  Starport Tech Lab  
  64  5:26  Banshee  
  64  5:30  Liberator x2  
  64  5:31  SCV  
  64  5:33  SCV  
  63  5:43  SCV  
  63  5:44  Supply Depot  
  63  5:45  Supply Depot, SCV, Banshee  
  63  5:49  Orbital Command  
  74  5:55  SCV  
  75  5:58  SCV  
  75  6:03  Hyperflight Rotors  
  76  6:07  SCV  
  76  6:10  SCV  
  78  6:15  Banshee  
  78  6:16  Liberator  
  82  6:19  SCV  
  82  6:22  SCV  
  82  6:24  Orbital Command  
  83  6:31  Supply Depot  
  83  6:32  Supply Depot, SCV, Banshee  
  90  6:44  SCV  
  90  6:45  SCV  
  92  6:51  SCV  
  93  6:55  Refinery  
  93  6:57  SCV x2  
  93  6:58  Banshee  
  93  7:00  Command Center  
  98  7:04  Refinery, Liberator x2  
  98  7:07  SCV  
  96  7:09  SCV  
  96  7:15  SCV  
  98  7:19  Supply Depot, SCV  
  98  7:21  SCV  
  106  7:23  Command Center  
  106  7:29  Supply Depot  
  106  7:30  Supply Depot  
  106  7:31  Supply Depot, Armory  
  106  7:36  Supply Depot, SCV x2  
  108  7:37  Supply Depot  
  108  7:39  Engineering Bay  
  108  7:41  Banshee  
  111  7:46  Banshee  
  111  7:47  Liberator  
  114  8:10  Advanced Ballistics  
  114  8:15  Liberator  
  111  8:23  Terran Ship Weapons Level 1  
  111  8:24  Banshee  
  111  8:25  Starport x2  
  114  8:28  Supply Depot  
  114  8:30  Supply Depot  
  114  8:32  Viking  
  97  8:55  Liberator  
  91  9:03  SCV  
  91  9:07  Banshee  
  91  9:08  SCV x2  
  92  9:12  Refinery  
  92  9:15  SCV, Banshee  
  98  9:19  Liberator  
  98  9:21  Starport Tech Lab  
  98  9:22  Starport Tech Lab  
  98  9:26  Liberator  
  98  9:32  Refinery  
  98  9:33  Refinery  
  101  9:38  Liberator  
  101  9:43  Viking  
  101  9:45  Refinery x2  
  106  9:46  Missile Turret  
  106  9:49  SCV x3, Missile Turret  
  109  9:53  Viking  
  109  9:58  Banshee  
  109  9:59  Missile Turret  
  117  10:01  Planetary Fortress, SCV x3  
  117  10:02  Liberator  
  117  10:03  Missile Turret  
  120  10:07  Command Center  
  120  10:13  SCV x3  
  123  10:18  Terran Ship Weapons Level 2  
  126  10:25  Sensor Tower, SCV x3  
  126  10:26  Missile Turret  
  129  10:29  Missile Turret  
  127  10:37  SCV x2  
  122  10:50  Viking x2  
  122  10:51  Viking x3  
  126  10:57  Command Center  
  126  11:02  Viking  
  126  11:04  Liberator x3  
  128  11:15  Liberator  
  128  11:19  Viking  
  128  11:20  Viking  
  141  11:28  Missile Turret  
  141  11:32  Liberator  
  144  11:37  Missile Turret  
  144  11:47  Refinery, Liberator  
  144  11:48  Refinery, Missile Turret  
  144  11:50  Viking  
  149  11:57  Liberator  
  149  11:59  Missile Turret  
  149  12:02  Planetary Fortress  
  149  12:03  Viking, Liberator  
  149  12:04  Viking  
  149  12:05  SCV x2  
  149  12:06  SCV x2  
  164  12:17  SCV x2  
  164  12:18  SCV x2  
  164  12:20  Planetary Fortress  
  170  12:27  Sensor Tower  
  170  12:29  SCV x2  
  172  12:30  SCV x2  
  172  12:32  Medivac  
  176  12:41  SCV x2  
Show
View Real Time Build Order
Export as new Build Order

Medoed Zerg 

Build Orders: Hatch First 

Get SALT Encoding   

  12  0:02  Drone  
  13  0:12  Overlord  
  13  0:18  Drone  
  14  0:31  Drone x2  
  16  0:35  Drone  
  17  0:52  Hatchery  
  17  0:56  Drone  
  17  0:58  Drone  
  18  1:04  Extractor  
  17  1:13  Spawning Pool  
  17  1:17  Drone  
  17  1:22  Drone  
  18  1:28  Drone  
  19  1:39  Overlord  
  19  2:01  Zergling x2  
  19  2:02  Zergling x2, Queen  
  19  2:05  Queen  
  19  2:06  Drone  
  26  2:11  Drone  
  26  2:14  Metabolic Boost  
  27  2:19  Drone  
  28  2:25  Drone x2  
  30  2:33  Extractor  
  29  2:39  Spore Crawler  
  29  2:41  Drone x2  
  32  2:44  Queen  
  32  2:50  Pneumatized Carapace  
  34  2:53  Overlord, Drone  
  34  2:54  Drone  
  35  3:10  Overlord  
  35  3:15  Drone x2  
  35  3:16  Hatchery  
  36  3:22  Drone x3  
  36  3:27  Drone x3  
  41  3:32  Drone x2  
  44  3:39  Drone x2  
  46  3:43  Roach Warren  
  46  3:44  Drone  
  46  3:48  Evolution Chamber  
  46  3:50  Zergling x4  
  46  3:52  Evolution Chamber  
  46  3:53  Zergling x2  
  47  3:56  Drone x2  
  47  4:02  Overlord, Extractor x2  
  47  4:05  Extractor  
  47  4:06  Overlord  
  47  4:09  Spore Crawler  
  45  4:11  Spore Crawler  
  45  4:16  Drone  
  45  4:17  Zerg Ground Armor Level 1  
  45  4:18  Zerg Missile Weapons Level 1  
  45  4:25  Drone x4  
  45  4:29  Spore Crawler  
  48  4:35  Drone x3  
  51  4:44  Lair  
  51  4:49  Roach  
  53  4:53  Roach  
  53  4:54  Roach  
  53  4:57  Roach  
  59  5:04  Roach x3  
  65  5:08  Drone  
  65  5:10  Overlord, Extractor  
  65  5:11  Extractor  
  64  5:19  Drone x3  
  66  5:23  Overlord x2  
  66  5:28  Drone x5  
  69  5:33  Drone x2  
  71  5:38  Drone x2  
  71  5:42  Glial Reconstitution, Drone  
  72  5:49  Infestation Pit  
  71  5:50  Drone x2  
  71  5:52  Drone  
  71  5:55  Drone x2  
  76  6:02  Drone  
  76  6:03  Drone x2  
  77  6:13  Queen  
  77  6:14  Zerg Ground Armor Level 2, Zerg Missile Weapons Level 2  
  77  6:17  Overlord  
  75  6:25  Overlord  
  72  6:26  Drone x3  
  72  6:27  Drone  
  74  6:33  Spore Crawler  
  74  6:38  Drone  
  74  6:39  Drone x2  
  76  6:42  Roach x3  
  76  6:43  Roach  
  76  6:46  Infestor  
  86  6:47  Ravager  
  86  6:48  Ravager x3  
  90  6:55  Infestor  
  90  6:56  Infestor x2  
  90  6:58  Drone  
  90  7:00  Drone x2  
  98  7:09  Hatchery  
  98  7:11  Hatchery  
  98  7:13  Overlord  
  98  7:15  Ravager x4  
  101  7:20  Drone x4  
  105  7:28  Overseer  
  105  7:29  Hive  
  105  7:30  Overlord  
  105  7:36  Overlord  
  105  7:37  Overlord  
  105  7:43  Roach x3  
  105  7:44  Roach  
  113  7:46  Overseer  
  113  7:48  Drone x2  
  113  7:49  Drone x2  
  117  7:54  Spire  
  113  8:15  Queen x2  
  113  8:16  Drone x4  
  113  8:17  Drone x6  
  113  8:19  Spore Crawler  
  126  8:20  Extractor, Drone  
  126  8:21  Spore Crawler, Drone  
  126  8:26  Spore Crawler  
  125  8:28  Drone x4  
  125  8:33  Drone x2  
  125  8:34  Zerg Melee Weapons Level 1  
  115  8:51  Queen  
  104  8:55  Roach  
  104  8:56  Roach x12  
  121  9:09  Corruptor x4  
  123  9:12  Extractor  
  121  9:19  Hatchery  
  121  9:20  Corruptor x3  
  123  9:29  Corruptor x2  
  123  9:30  Corruptor  
  129  9:35  Zerg Flyer Armor Level 1  
  129  9:36  Overlord x2  
  129  9:38  Overseer  
  129  9:45  Overlord  
  129  9:48  Overlord  
  129  9:59  Corruptor  
  129  10:01  Viper x2  
  137  10:09  Hatchery  
  137  10:12  Overlord  
  137  10:14  Infestor x3  
  136  10:16  Zergling x18  
  136  10:19  Drone  
  152  10:22  Drone  
  152  10:23  Drone x7  
  152  10:26  Spore Crawler  
  152  10:27  Extractor x2  
  157  10:32  Drone x3  
  157  10:33  Drone x2  
  156  10:45  Corruptor x4  
  156  10:46  Corruptor  
  156  10:51  Corruptor x2  
  146  11:05  Corruptor  
  146  11:06  Corruptor x3  
  152  11:14  Corruptor x2  
  152  11:18  Spore Crawler  
  155  11:19  Spore Crawler  
  155  11:22  Spore Crawler  
  155  11:23  Drone x6  
  155  11:24  Drone x6  
  165  11:38  Corruptor x2  
  169  11:55  Drone, Spore Crawler  
  169  11:56  Spore Crawler  
  169  11:58  Spore Crawler  
  167  12:05  Hatchery  
  167  12:08  Hatchery  
  165  12:10  Overlord x2  
  165  12:14  Ravager  
  165  12:15  Ravager x8  
  174  12:16  Overlord  
  174  12:17  Overlord  
  174  12:20  Spore Crawler  
  173  12:22  Spore Crawler  
  173  12:24  Spore Crawler  
  171  12:33  Overlord  
Tags
 
Add a new tag
Caveats
  • Supply blocks, unpowered buildings, or Contaminate may cause inaccurate times.
  • Supply counts are checked every 10 seconds.